[Event "Team 45 45 League T56"]
[Site "Internet Chess Club"]
[Date "2013.04.13"]
[Round "8"]
[White "ILRE"]
[Black "nanning"]
[Result "1/2-1/2"]
[WhiteElo "1580"]
[BlackElo "1651"]
[Opening "English: four knights, kingside fianchetto"]
[ECO "A29"]
[Time "15:00:44"]
[TimeControl "2700+45"]

1. c4 e5 2. Nc3 Nf6 3. Nf3 Nc6 4. g3 d5 5. cxd5 Nxd5 6. Bg2 Nb6 7. d3 Be7 8. O-O
O-O 9. a3 a5 10. Be3 Be6 11. Rc1 Nd5 12. Nxd5 Bxd5 13. Bc5 Re8 14. Bxe7 Rxe7 15.
e4 Ba2 16. Ra1 Be6 17. Ng5 a4 18. Qh5 h6 19. Nxe6 Rxe6 20. Rfd1 Nd4 21. Rac1 c6
22. Rc5 Ra5 23. Rxa5 Qxa5 24. f4 Qb6 25. fxe5 Qc5 26. Kh1 Rxe5 27. Qg4 Qe7 28.
Rc1 Kh7 29. Rc4 Rc5 30. h4 Rxc4 31. dxc4 {Game drawn by mutual agreement}
1/2-1/2

[Event "Team 45 45 League T56"]
[Site "Internet Chess Club"]
[Date "2013.04.14"]
[Round "8"]
[White "smsxman"]
[Black "PaulRichard"]
[Result "1-0"]
[WhiteElo "1430"]
[BlackElo "1532"]
[Opening "French defense"]
[ECO "C00"]
[Time "11:00:13"]
[TimeControl "2700+45"]

1. e4 e6 2. Nf3 d5 3. exd5 exd5 4. d4 Bd6 5. Nc3 c6 6. Be2 Ne7 7. O-O Bf5 8. Bg5
f6 9. Be3 Qc7 10. Re1 O-O 11. a3 a5 12. g3 Nd7 13. Nh4 Be6 14. Bf3 Nf5 15. Bg4
g6 16. Bxf5 gxf5 17. Bh6 Rfe8 18. Qh5 f4 19. Nf5 Bf7 20. Qg4+ Bg6 21. gxf4 Kf7
22. Ng7 Rg8 23. Qe6+ {Black resigns} 1-0

[Event "Team 45 45 League T56"]
[Site "Internet Chess Club"]
[Date "2013.04.15"]
[Round "8"]
[White "Packerfan"]
[Black "tryanything"]
[Result "1-0"]
[WhiteElo "1863"]
[BlackElo "1562"]
[Opening "Two knights defense"]
[ECO "C56"]
[Time "19:58:50"]
[TimeControl "2700+45"]

1. e4 e5 2. Nf3 Nc6 3. Bc4 Nf6 4. d4 exd4 5. O-O Nxe4 6. Re1 d5 7. Bxd5 Qxd5 8.
Nc3 Qa5 9. Nxe4 Be6 10. Neg5 O-O-O 11. Nxe6 fxe6 12. Rxe6 h6 13. b3 Qf5 14. Re2
d3 15. cxd3 Rxd3 16. Rd2 Rxd2 17. Qxd2 Bd6 18. Bb2 Rd8 19. Qe2 g5 20. h3 h5 21.
Re1 g4 22. hxg4 hxg4 23. Nh2 g3 24. fxg3 Bxg3 25. Qe6+ Qxe6 26. Rxe6 Rd1+ 27.
Nf1 Kd7 28. Re2 a5 29. Rd2+ Rxd2 30. Nxd2 b6 31. Kf1 Nb4 32. a3 Nd3 33. Bg7 c5
34. Ke2 Nf4+ 35. Kf3 Ne6 36. Kxg3 Nxg7 37. Nc4 Kc7 38. Kf4 Ne6+ 39. Ke4 Nd4 40.
Nd2 b5 41. Kd5 Kb6 42. g4 Nc2 43. g5 Nxa3 44. g6 {Black resigns} 1-0

[Event "Team 45 45 League T56"]
[Site "Internet Chess Club"]
[Date "2013.04.15"]
[Round "8"]
[White "PostMike"]
[Black "amicusUK"]
[Result "0-1"]
[WhiteElo "1557"]
[BlackElo "1649"]
[Opening "Caro-Kann: Forgács variation"]
[ECO "B15"]
[Time "14:30:15"]
[TimeControl "2700+45"]

1. e4 c6 2. d4 d5 3. Nc3 dxe4 4. Nxe4 Nf6 5. Nxf6+ exf6 6. Bc4 Bd6 7. Qe2+ Qe7
8. Nf3 Qxe2+ 9. Bxe2 O-O 10. O-O Bg4 11. Bd2 Nd7 12. h3 Bh5 13. Rfe1 Rfe8 14.
Kf1 Re7 15. Nh4 Bxe2+ 16. Rxe2 Rxe2 17. Kxe2 Re8+ 18. Kd3 g6 19. a4 f5 20. Nf3
Nf6 21. Re1 Rxe1 22. Bxe1 Nd5 23. g3 Nf6 24. Ne5 Ne4 25. g4 Bxe5 26. dxe5 Nc5+
27. Kd4 Nxa4 28. b3 Nb6 29. Kc5 fxg4 30. hxg4 Nc8 31. Bd2 Kf8 32. Bg5 Ke8 33. b4
Kd7 34. b5 cxb5 35. Kxb5 Ne7 36. Kc5 Nc6 37. Bf4 Ke6 38. g5 Nxe5 39. c4 Nd3+
{White resigns} 0-1

[Event "Team 45 45 League T56"]
[Site "Internet Chess Club"]
[Date "2013.04.16"]
[Round "8"]
[White "stanbeers"]
[Black "Aquaman"]
[Result "0-1"]
[WhiteElo "1493"]
[BlackElo "1368"]
[Opening "Kevitz-Trajkovich defense"]
[ECO "A50"]
[Time "15:00:25"]
[TimeControl "2700+45"]

1. d4 Nf6 2. c4 Nc6 3. Nc3 e5 4. dxe5 Nxe5 5. e3 Bb4 6. Nf3 Nc6 7. Bd2 O-O 8.
Be2 d5 9. cxd5 Nxd5 10. O-O Nxc3 11. bxc3 Bd6 12. Qb3 Ne5 13. Nxe5 Bxe5 14. f4
Qxd2 15. fxe5 Qxe2 16. Rfe1 Qh5 17. Qd5 c6 18. Qd4 Be6 19. a3 Qg6 20. Qh4 Qg4
21. Qf2 Qf5 22. Qg3 Qg4 23. Qf2 Qc4 24. Rec1 Rad8 25. Kh1 Rd5 26. h3 Rxe5 27.
Qg3 Qc5 28. Re1 Rg5 29. Qf3 Qf5 30. Qe2 Qe4 31. Kh2 Bd5 32. Rg1 Qe5+ 33. Kh1
Qxc3 {White resigns} 0-1

[Event "Team 45 45 League T56"]
[Site "Internet Chess Club"]
[Date "2013.04.14"]
[Round "8"]
[White "BYOB69"]
[Black "tsia68"]
[Result "1-0"]
[WhiteElo "1846"]
[BlackElo "1723"]
[Opening "Dutch"]
[ECO "A80"]
[Time "10:02:05"]
[TimeControl "2700+45"]

1. d4 f5 2. Bf4 Nf6 3. e3 g6 4. h4 Bg7 5. h5 Nxh5 6. Rxh5 gxh5 7. Qxh5+ Kf8 8.
Qxf5+ Kg8 9. Nc3 e6 10. Qh5 d6 11. Nf3 Nd7 12. Bc4 Nf6 13. Qh4 Bd7 14. O-O-O Qe8
15. Rh1 Qe7 16. e4 c6 17. e5 dxe5 18. dxe5 Nd5 19. Bxd5 Qxh4 20. Bxe6+ Bxe6 21.
Rxh4 Kf7 22. Ng5+ Ke7 23. Nge4 Raf8 24. Bg5+ Ke8 25. Nf6+ Kf7 26. Nce4 h6 27.
Bd2 b6 28. f4 Bf5 29. Nd6+ Ke6 30. Nxf5 Kxf5 31. g4+ Ke6 32. Nh5 Rf7 33. Rh1 Ke7
34. Bc3 Rg8 35. f5 Bxe5 36. Re1 Rxg4 37. Rxe5+ Kd7 38. b3 Rg5 39. f6 Kd6 40. Re7
Rxf6 41. Bxf6 Rxh5 42. Rxa7 {Black resigns} 1-0

[Event "Team 45 45 League T56"]
[Site "Internet Chess Club"]
[Date "2013.04.15"]
[Round "8"]
[White "latayvia"]
[Black "Hal2001"]
[Result "0-1"]
[WhiteElo "1798"]
[BlackElo "1691"]
[Opening "Modern defense"]
[ECO "A40"]
[Time "21:07:49"]
[TimeControl "2700+45"]

1. d4 g6 2. Nf3 Bg7 3. e3 c5 4. c3 cxd4 5. cxd4 d5 6. Bd3 Nf6 7. O-O O-O 8. Nc3
Nc6 9. Bd2 Re8 10. Rc1 Bg4 11. Be2 Rc8 12. Ne5 Bxe2 13. Qxe2 a6 14. f4 e6 15.
Na4 Nd7 16. Nc5 Nxc5 17. Rxc5 Qb6 18. b3 Nxe5 19. Ba5 Qa7 20. Rxc8 Rxc8 21. fxe5
b6 22. Bb4 Bf8 23. Be1 a5 24. Qf3 b5 25. Bh4 a4 26. e4 dxe4 27. Qxe4 axb3 28.
axb3 Qd7 29. Bg5 Bg7 30. Bf6 Qd5 31. Qf4 Qd7 32. Bxg7 Kxg7 33. Qf6+ Kg8 34. Kh1
Rf8 35. Rf4 Qd5 36. h4 Qxb3 37. d5 Qxd5 38. Kh2 Qd8 39. Rb4 Qxf6 40. exf6 Rb8
41. Kg3 Kf8 42. Kf4 Ke8 43. Ke5 Kd7 44. Rd4+ Kc6 45. Rd6+ Kc7 46. Rd1 Kc6 47.
Rd6+ Kc7 48. g4 b4 49. Rd1 b3 50. Rb1 b2 51. g5 Kc6 52. Kd4 Kd6 53. Kc4 e5 54.
Kc3 Ke6 55. Kc2 e4 56. Kc3 Ke5 57. Kc2 e3 58. Kd3 Kf4 59. Rf1+ Kg3 60. Rb1 Kf2
61. Kc2 e2 62. Rxb2 Rxb2+ 63. Kxb2 e1=Q 64. Kc2 Qe3 65. Kd1 Qd3+ 66. Kc1 Ke2 67.
Kb2 Ke3 68. Ka2 Qb5 69. Ka3 Kd3 70. Ka2 Kc2 71. Ka3 Qb3# {White checkmated} 0-1

[Event "Team 45 45 League T56"]
[Site "Internet Chess Club"]
[Date "2013.04.13"]
[Round "8"]
[White "CorvusCorax"]
[Black "gandre"]
[Result "0-1"]
[WhiteElo "1601"]
[BlackElo "1874"]
[Opening "Caro-Kann: exchange variation"]
[ECO "B13"]
[Time "11:05:07"]
[TimeControl "2700+45"]

1. e4 c6 2. d4 d5 3. exd5 cxd5 4. Bd3 Nc6 5. c3 Qc7 6. Ne2 Bg4 7. f3 Bd7 8. Bf4
e5 9. dxe5 Nxe5 10. Bc2 Bd6 11. Ba4 Bc6 12. O-O Ne7 13. Nd4 O-O 14. Kh1 N7g6 15.
Bg3 Rae8 16. Qc2 Nc4 17. Bxd6 Qxd6 18. Nf5 Qf4 19. Bxc6 bxc6 20. Na3 Nxa3 21.
bxa3 Re5 22. Nd4 c5 23. Ne2 Qc4 24. Ng3 d4 25. Qb3 Qxc3 26. Qxc3 dxc3 27. Ne4 f5
28. Nxc3 Rd8 29. Rad1 Rxd1 30. Rxd1 Re3 31. Rc1 Nf4 32. h3 Nd3 33. Rc2 Re7 34.
Na4 Rc7 35. Rc4 Kf7 36. Kg1 Ke6 37. Rc3 c4 38. Rc2 f4 39. Nc3 Rb7 40. Ne4 Kd5
41. Rxc4 Rb1+ 42. Kh2 Kxc4 43. Nd2+ Kc3 44. Nxb1+ Kc2 45. g3 Kxb1 46. gxf4 Nxf4
47. Kg3 Nd5 48. Kg4 Kxa2 49. Kf5 Kxa3 50. Kg5 a5 {White resigns} 0-1

[Event "Team 45 45 League T56"]
[Site "Internet Chess Club"]
[Date "2013.04.12"]
[Round "8"]
[White "globulon"]
[Black "ricnic"]
[Result "0-1"]
[WhiteElo "1296"]
[BlackElo "1566"]
[Opening "Caro-Kann: classical variation"]
[ECO "B18"]
[Time "22:00:08"]
[TimeControl "2700+45"]

1. e4 c6 2. d4 d5 3. Nc3 dxe4 4. Nxe4 Bf5 5. Ng3 Bg6 6. Nf3 h6 7. Bc4 e6 8. Ne5
Bh7 9. Qf3 Nf6 10. Bd3 Bxd3 11. cxd3 Qxd4 12. Nc4 Be7 13. O-O O-O 14. Bd2 Rd8
15. Bc3 Qxd3 16. Ne5 Qb5 17. Nh5 Nbd7 18. Nxd7 Nxh5 19. Ne5 Nf6 20. Qg3 Rd5 21.
Ng4 Nxg4 22. Qxg4 Rg5 23. Qd4 Qd5 24. Qxd5 Rxd5 25. Rfe1 Rad8 26. g3 a5 27. Re4
b6 28. Rg4 Bf8 29. h4 h5 30. Rc4 c5 31. g4 hxg4 32. Rxg4 Rh5 33. Bf6 Rdd5 34.
Kg2 g6 35. Rh1 Bg7 36. Bxg7 Kxg7 37. Kh3 Rd2 38. Rhg1 Rxf2 39. Rg5 Rxg5 40. Rxg5
Kf6 41. Rg4 Rxb2 {White resigns} 0-1

[Event "Team 45 45 League T56"]
[Site "Internet Chess Club"]
[Date "2013.04.13"]
[Round "8"]
[White "spongenotbob"]
[Black "pereelcoix"]
[Result "1-0"]
[WhiteElo "1834"]
[BlackElo "1554"]
[Opening "QGD: Harrwitz attack"]
[ECO "D35"]
[Time "16:00:09"]
[TimeControl "2700+45"]

1. d4 Nf6 2. c4 e6 3. Nc3 d5 4. Bf4 Bb4 5. e3 Ne4 6. Qc2 O-O 7. Bd3 Bxc3+ 8.
bxc3 f5 9. cxd5 exd5 10. Nf3 Nc6 11. O-O b6 12. c4 Nb4 13. Qb3 Nxd3 14. Qxd3 Bb7
15. Rac1 c5 16. dxc5 Nxc5 17. Qd4 Qf6 18. Be5 Qf7 19. cxd5 Rad8 20. d6 Nd7 21.
Rc7 Bxf3 22. gxf3 a6 23. Kh1 Kh8 24. Rg1 Rg8 25. Qf4 Rde8 26. Bd4 b5 27. Rg5
Ref8 28. Qh4 f4 29. Rh5 Qg6 30. e4 Nf6 31. Bxf6 Rxf6 32. Rg5 Qh6 33. Qxh6 Rxh6
34. d7 Rd6 35. Rd5 {Black resigns} 1-0

[Event "Team 45 45 League T56"]
[Site "Internet Chess Club"]
[Date "2013.04.14"]
[Round "8"]
[White "sockmonkey"]
[Black "drsigmund1"]
[Result "0-1"]
[WhiteElo "1690"]
[BlackElo "1587"]
[Opening "Queen's pawn: Keres defense"]
[ECO "A40"]
[Time "13:30:09"]
[TimeControl "2700+45"]

1. d4 e6 2. c4 b6 3. a3 Bb7 4. Nc3 f5 5. d5 Qh4 6. e3 Bd6 7. Nf3 Qg4 8. Qd4 Nf6
9. Qxg4 Nxg4 10. h3 Nf6 11. g3 exd5 12. cxd5 Nxd5 13. Nb5 Nxe3 14. Nxd6+ cxd6
15. Bxe3 Bxf3 16. Rg1 Nc6 17. Kd2 Ne5 18. Ba6 Bc6 19. Rgd1 h6 20. Kc3 Ke7 21.
Be2 Rac8 22. f4 Bf3+ 23. Kd2 Bxe2 24. Kxe2 Nc4 25. Bd4 Rhe8 26. Kd3 Kf7 27. b4
b5 28. Bxa7 Nb2+ {White resigns} 0-1

[Event "Team 45 45 League T56"]
[Site "Internet Chess Club"]
[Date "2013.04.15"]
[Round "8"]
[White "SpeedBlade"]
[Black "Andressa"]
[Result "1-0"]
[WhiteElo "1664"]
[BlackElo "1421"]
[Opening "QGD: exchange variation"]
[ECO "D35"]
[Time "10:17:28"]
[TimeControl "2700+45"]

1. d4 d5 2. c4 e6 3. Nc3 Nf6 4. cxd5 Nxd5 5. e4 Nxc3 6. bxc3 c5 7. Nf3 cxd4 8.
cxd4 e5 9. Bb5+ Bd7 10. Bxd7+ Qxd7 11. Nxe5 Bb4+ 12. Ke2 Qb5+ 13. Qd3 Qxd3+ 14.
Nxd3 Bc3 15. Rb1 b6 16. Bb2 Bxb2 17. Rxb2 O-O 18. Rc1 f5 19. e5 Nd7 20. Rc7 Rfd8
21. d5 Nxe5 22. Nxe5 Rxd5 23. Nc6 Kf8 24. Rxa7 Re8+ 25. Kf3 g5 26. Nb4 Rd4 27.
g3 Ree4 28. Nc6 g4+ 29. Kg2 Rd1 30. Rxb6 {Black resigns} 1-0

[Event "Team 45 45 League T56"]
[Site "Internet Chess Club"]
[Date "2013.04.14"]
[Round "8"]
[White "seattleblues"]
[Black "sockmonkey"]
[Result "0-1"]
[WhiteElo "1451"]
[BlackElo "1712"]
[Opening "Queen's pawn game"]
[ECO "A46"]
[Time "05:30:09"]
[TimeControl "2700+45"]

1. Nf3 Nf6 2. d4 e6 3. Bf4 c5 4. e3 Nc6 5. c3 d5 6. Bd3 Bd6 7. Bg3 O-O 8. Nbd2
Qe7 9. Ne5 Nd7 10. f4 f6 11. Bxh7+ Kxh7 12. Qh5+ Kg8 13. Ng6 Qe8 14. Qh8+ Kf7
15. Qh5 Rg8 16. f5 Bxg3+ 17. hxg3 exf5 18. O-O-O Nf8 19. Nf4+ g6 20. Qf3 Qd8 21.
Nxd5 Be6 22. Nf4 Bxa2 23. dxc5 Qa5 24. e4 Qxc5 25. Nd5 Ne5 26. Qf1 Bxd5 27. exd5
Rd8 28. Nb3 Qe3+ 29. Kb1 Rxd5 30. Rxd5 Qe4+ 31. Rd3 Qxd3+ 32. Qxd3 Nxd3 {White
resigns} 0-1

[Event "Team 45 45 League T56"]
[Site "Internet Chess Club"]
[Date "2013.04.12"]
[Round "8"]
[White "Aquaman"]
[Black "medsurg"]
[Result "0-1"]
[WhiteElo "1345"]
[BlackElo "1348"]
[Opening "Nimzovich-Larsen attack"]
[ECO "A01"]
[Time "20:01:07"]
[TimeControl "2700+45"]

1. b3 d6 2. Bb2 e5 3. c4 Nc6 4. e3 Be7 5. Nc3 Nf6 6. Nge2 Bf5 7. Ng3 Bg6 8. a3
O-O 9. Be2 Re8 10. O-O a6 11. Bf3 Qd7 12. Nd5 Nxd5 13. Bxd5 Nd8 14. d4 c6 15.
Bf3 exd4 16. Bxd4 Qc7 17. Rc1 Ne6 18. Bb2 Rad8 19. Qe2 Bf8 20. b4 Nf4 21. Qd2
Nd3 22. Rcd1 Nxb2 23. Qxb2 Be7 24. Qe2 Bf6 25. Bh5 Bxh5 26. Nxh5 Bg5 27. Qg4 Qe7
28. Ng3 g6 29. Rfe1 d5 30. cxd5 Rxd5 31. Rxd5 cxd5 32. Rd1 Rd8 33. Nf1 Bf6 34.
Qf3 Qe5 35. Rd4 Bg7 36. Rf4 Qe6 37. Qe2 Be5 38. Rf3 Qe7 39. Qa2 Rd7 40. Nd2 Qd6
41. Rh3 Rc7 42. g3 Rc1+ 43. Kg2 Qc6 44. Nb3 Rc2 45. Qb1 d4+ 46. Kg1 dxe3 47. Nc5
exf2+ 48. Kf1 Qh1# {White checkmated} 0-1

[Event "Team 45 45 League T56"]
[Site "Internet Chess Club"]
[Date "2013.04.11"]
[Round "8"]
[White "tcianciola"]
[Black "semperfi"]
[Result "0-1"]
[WhiteElo "1290"]
[BlackElo "1376"]
[Opening "QGD: Vienna variation"]
[ECO "D38"]
[Time "19:00:07"]
[TimeControl "2700+45"]

1. d4 Nf6 2. Nf3 e6 3. Bg5 d5 4. c4 Bb4+ 5. Nc3 O-O 6. e3 Nbd7 7. Bd3 c5 8. cxd5
cxd4 9. Nxd4 Bxc3+ 10. bxc3 e5 11. Nf5 Nc5 12. O-O e4 13. Bxe4 Ncxe4 14. Nd4
Nxg5 15. c4 Bd7 16. Qd3 Qc8 17. Rac1 Re8 18. c5 Nge4 19. c6 bxc6 20. dxc6 Bf5
21. Qb5 Nd6 22. Qxf5 Nxf5 {White resigns} 0-1

[Event "Team 45 45 League T56"]
[Site "Internet Chess Club"]
[Date "2013.04.14"]
[Round "8"]
[White "Warren"]
[Black "MaartenKoning"]
[Result "1/2-1/2"]
[WhiteElo "2292"]
[BlackElo "2281"]
[Opening "French: advance, Paulsen attack"]
[ECO "C02"]
[Time "06:30:09"]
[TimeControl "2700+45"]

1. e4 e6 2. d4 d5 3. e5 c5 4. c3 Nc6 5. Nf3 Nh6 6. Bd3 cxd4 7. cxd4 Nf5 8. Bxf5
exf5 9. O-O Be6 10. a3 Be7 11. b4 g5 12. Bb2 f4 13. Nc3 Rc8 14. Rc1 Qd7 15. Na4
b6 16. Nd2 Bf5 17. Nb3 O-O 18. Nc3 Kg7 19. Qf3 Rfd8 20. Rfe1 Bg4 21. Qd3 Bf5 22.
Qf3 Bg4 23. Qd3 Bf5 24. Qe2 Bg4 25. Qd2 h6 26. h3 Bf5 27. Qe2 Rh8 28. Qf3 Be6
29. Qe2 Bf5 30. Qb5 Rhd8 31. Qe2 Rh8 {Game drawn by repetition} 1/2-1/2

[Event "Team 45 45 League T56"]
[Site "Internet Chess Club"]
[Date "2013.04.15"]
[Round "8"]
[White "Barrett-CCSCSL"]
[Black "steadman"]
[Result "0-1"]
[WhiteElo "2100"]
[BlackElo "2127"]
[Opening "King's Indian: 5.Nf3"]
[ECO "E90"]
[Time "21:00:38"]
[TimeControl "2700+45"]

1. d4 Nf6 2. c4 g6 3. Nf3 Bg7 4. Nc3 d6 5. e4 O-O 6. Bd3 e5 7. d5 a5 8. h3 Na6
9. Be3 Bd7 10. b3 Nh5 11. g4 Nf4 12. Kf1 f5 13. gxf5 gxf5 14. h4 Nxd3 15. Qxd3
fxe4 16. Nxe4 Rxf3 17. Ng5 Rf5 18. Rg1 h6 19. Ne6 Bxe6 20. dxe6 Qf6 21. Bxh6
Rxf2+ 22. Ke1 Qxh6 23. Kxf2 Qxh4+ 24. Rg3 Nc5 {White resigns} 0-1

[Event "Team 45 45 League T56"]
[Site "Internet Chess Club"]
[Date "2013.04.12"]
[Round "8"]
[White "Colombiano07"]
[Black "zeigmata"]
[Result "0-1"]
[WhiteElo "1846"]
[BlackElo "2159"]
[Opening "Petrov: Nimzovich attack"]
[ECO "C42"]
[Time "12:35:06"]
[TimeControl "2700+45"]

1. e4 e5 2. Nf3 Nf6 3. Nxe5 d6 4. Nf3 Nxe4 5. Nc3 Nxc3 6. dxc3 Be7 7. Qd2 O-O 8.
Qf4 Qd7 9. Bd3 Qg4 10. Qg3 Nc6 11. Bf4 Be6 12. O-O-O h6 13. Kb1 Bf6 14. Be2 Rfe8
15. Rhe1 Re7 16. Nd4 Qxg3 17. Bxg3 Nxd4 18. cxd4 Rae8 19. b3 Bd5 20. Rd2 Bxg2
21. Bf4 Bf3 22. Be3 Bxe2 23. Rexe2 Bg5 24. Rd3 f5 25. h4 Bxh4 26. Red2 g5 27. d5
f4 28. Bd4 Kf7 29. f3 h5 30. Rh2 Kg6 31. Kb2 Bg3 32. Rg2 h4 33. Bg1 h3 34. Rgd2
Re2 {White resigns} 0-1

[Event "Team 45 45 League T56"]
[Site "Internet Chess Club"]
[Date "2013.04.15"]
[Round "8"]
[White "Campagnolo"]
[Black "PoisonPawn"]
[Result "1-0"]
[WhiteElo "2091"]
[BlackElo "2131"]
[Opening "Réti opening"]
[ECO "A32"]
[Time "20:02:20"]
[TimeControl "2700+45"]

1. Nf3 c5 2. c4 Nf6 3. Nc3 e6 4. d4 cxd4 5. Nxd4 a6 6. a3 Qc7 7. e4 Nc6 8. Be3
b6 9. Rc1 Bb7 10. f3 Be7 11. Be2 O-O 12. O-O Nxd4 13. Bxd4 Bc5 14. b4 Bxd4+ 15.
Qxd4 e5 16. Qd2 Rac8 17. Rfd1 Rfd8 18. Qd6 Qxd6 19. Rxd6 Rc6 20. Rcd1 Rxd6 21.
Rxd6 Bc6 22. b5 Ne8 23. Rd1 axb5 24. cxb5 Bb7 25. Na4 Rb8 26. Rxd7 Ba8 27. Bc4
Nf6 28. Rc7 h6 29. Bxf7+ Kf8 30. Be6 Rb7 31. Rxb7 Bxb7 32. Nxb6 Ke7 33. Bd5 Bxd5
34. Nxd5+ {Black resigns} 1-0

[Event "Team 45 45 League T56"]
[Site "Internet Chess Club"]
[Date "2013.04.13"]
[Round "8"]
[White "Goldenberg"]
[Black "drsigmund1"]
[Result "1-0"]
[WhiteElo "1664"]
[BlackElo "1575"]
[Opening "French: exchange variation"]
[ECO "C01"]
[Time "18:00:15"]
[TimeControl "2700+45"]

1. e4 e6 2. d4 d5 3. exd5 exd5 4. c4 Bb4+ 5. Nc3 Ne7 6. Nf3 O-O 7. Bd3 Bf5 8. c5
c6 9. O-O Bg4 10. Bxh7+ Kh8 11. Bd3 g6 12. h3 Bf5 13. a3 Ba5 14. b4 Bc7 15. Bxf5
Nxf5 16. Re1 Kg7 17. Qd3 Nd7 18. Ra2 Qf6 19. Bg5 Qxg5 20. Nxg5 Nf6 21. Rae2 Kh6
22. Qd2 Kh5 23. g4+ Nxg4 24. hxg4+ Kxg4 25. f3+ Kh5 26. Nh7 Bd8 27. Nxf8 Nh4 28.
Rh2 Bg5 29. Re5 f6 {Black resigns} 1-0

[Event "Team 45 45 League T56"]
[Site "Internet Chess Club"]
[Date "2013.04.15"]
[Round "8"]
[White "SirIvanhoe"]
[Black "srachuri"]
[Result "1-0"]
[WhiteElo "1501"]
[BlackElo "1313"]
[Opening "Sicilian: closed, 6.Be3"]
[ECO "B26"]
[Time "19:13:25"]
[TimeControl "2700+45"]

1. e4 c5 2. Nc3 g6 3. g3 Bg7 4. Bg2 Nc6 5. d3 d6 6. Be3 e6 7. Qd2 Nge7 8. Bh6
O-O 9. h4 f5 10. Bxg7 Kxg7 11. h5 Rf6 12. Nge2 Qf8 13. f4 e5 14. O-O-O Qf7 15.
a3 a6 16. Nd5 Nxd5 17. exd5 Ne7 18. c4 Bd7 19. Rh2 b5 20. Rdh1 Rb8 21. hxg6 Qxg6
22. fxe5 dxe5 23. Rxh7+ Qxh7 24. Rxh7+ Kxh7 25. Qg5 Rf7 26. d6 Nc6 27. Bd5 Rg7
28. Qh5# {Black checkmated} 1-0

[Event "Team 45 45 League T56"]
[Site "Internet Chess Club"]
[Date "2013.04.14"]
[Round "8"]
[White "Littlemon"]
[Black "SeniorCitizen"]
[Result "1-0"]
[WhiteElo "1385"]
[BlackElo "1329"]
[Opening "QGD: 4.Bg5"]
[ECO "D50"]
[Time "13:01:10"]
[TimeControl "2700+45"]

1. d4 d5 2. c4 Nf6 3. Nc3 e6 4. Bg5 Bb4 5. e3 c5 6. Bd3 Nbd7 7. Ne2 Qa5 8. O-O
cxd4 9. Bxf6 Nxf6 10. exd4 dxc4 11. Bxc4 O-O 12. Qb3 Bxc3 13. Nxc3 Qb6 14. Qxb6
axb6 15. Rfd1 Bd7 16. d5 exd5 17. Nxd5 Nxd5 18. Bxd5 Bc6 19. Bxc6 bxc6 20. Rd6
Rfc8 21. a3 Ra7 22. Rc1 Rac7 23. h3 Kf8 24. g3 Ke7 25. Rd2 Kf8 26. Rdc2 Ke7 27.
h4 h5 28. Kg2 Kf6 29. Kf3 Kf5 30. Rc4 f6 31. R1c2 c5 32. b4 g5 33. hxg5 fxg5 34.
bxc5 Rxc5 35. Rxc5+ bxc5 36. a4 c4 37. Ke3 Ke5 38. Ra2 Ra8 39. a5 h4 40. f4+ Kf5
41. fxg5 Kxg5 42. gxh4+ Kxh4 43. Kd4 Kg5 44. Kxc4 Kf6 45. Kb5 Ke7 46. Kc6 Kd8
47. Kb7 Rc8 48. a6 Rc7+ 49. Kb6 Kc8 50. a7 Rb7+ 51. Kc6 Rc7+ 52. Kd6 Rd7+ 53.
Ke6 {Black resigns} 1-0

[Event "Team 45 45 League T56"]
[Site "Internet Chess Club"]
[Date "2013.04.14"]
[Round "8"]
[White "lawth3"]
[Black "mindstorm"]
[Result "1/2-1/2"]
[WhiteElo "1212"]
[BlackElo "1401"]
[Opening "QGD: Tarrasch defense, 4.cd ed"]
[ECO "D32"]
[Time "20:00:10"]
[TimeControl "2700+45"]

1. d4 d5 2. c4 e6 3. Nc3 c5 4. cxd5 exd5 5. dxc5 Nf6 6. Bg5 Be6 7. Nf3 Nc6 8. b4
Be7 9. e3 a6 10. a3 O-O 11. Be2 h6 12. Bh4 Nh7 13. Bxe7 Nxe7 14. Nd4 Nf6 15. h3
Qc7 16. O-O b6 17. Na4 bxc5 18. Nxc5 Qd6 19. Qa4 Bc8 20. Rac1 Ne4 {Game drawn by
mutual agreement} 1/2-1/2

[Event "Team 45 45 League T56"]
[Site "Internet Chess Club"]
[Date "2013.04.12"]
[Round "8"]
[White "Hal2001"]
[Black "rahulr"]
[Result "1-0"]
[WhiteElo "1668"]
[BlackElo "1547"]
[Opening "Alekhine's defense: exchange variation"]
[ECO "B03"]
[Time "20:02:36"]
[TimeControl "2700+45"]

1. e4 Nf6 2. e5 Nd5 3. d4 d6 4. c4 Nb6 5. exd6 cxd6 6. Nc3 g6 7. Bd3 Bg7 8. Nge2
Nc6 9. d5 Ne5 10. O-O O-O 11. b3 Nxd3 12. Qxd3 Nd7 13. Be3 Ne5 14. Qd2 Bf5 15.
Bd4 Qd7 16. f4 Ng4 17. Bxg7 Kxg7 18. h3 Nf6 19. Qe3 Qc7 20. Nd4 Bc8 21. Rae1 Re8
22. g4 a6 23. f5 Qd7 24. Qf4 Rf8 25. fxg6 hxg6 26. Ne4 Nxe4 27. Ne6+ Kg8 28.
Nxf8 Qe8 29. Qxe4 Qxf8 30. Qxe7 f5 31. Qc7 Qg7 32. Qd8+ Qf8 33. Re8 Qxe8 34.
Qxe8+ {Black resigns} 1-0

[Event "Team 45 45 League T56"]
[Site "Internet Chess Club"]
[Date "2013.04.13"]
[Round "8"]
[White "sockmonkey"]
[Black "MinnArkie"]
[Result "1/2-1/2"]
[WhiteElo "1706"]
[BlackElo "1619"]
[Opening "Budapest: Rubinstein variation"]
[ECO "A52"]
[Time "08:00:04"]
[TimeControl "2700+45"]

1. d4 Nf6 2. c4 e5 3. dxe5 Ng4 4. Bf4 Nc6 5. Nf3 Bb4+ 6. Nbd2 Qe7 7. e3 Ngxe5 8.
Nxe5 Nxe5 9. Be2 O-O 10. O-O Bxd2 11. Qxd2 d6 12. Qd5 Rb8 13. c5 Be6 14. cxd6
cxd6 15. Qd4 Rfd8 16. Qxa7 Ra8 17. Qb6 Rxa2 18. Rxa2 Bxa2 19. Qa5 Bc4 20. Bxc4
Nxc4 21. Qb4 Ne5 22. Bxe5 Qxe5 23. Qxb7 g6 24. Rd1 d5 25. h3 Rb8 26. Rxd5 Rxb7
27. Rxe5 Rxb2 28. Kf1 Kg7 29. g4 Kf6 30. Ra5 h6 31. Kg2 Rb6 32. f3 Rb2+ 33. Kg3
Rb3 34. e4 Rb6 35. h4 g5 36. Rf5+ Kg6 37. Rd5 Rb3 38. h5+ Kg7 39. Rd6 Rb2 40.
Rd3 Re2 41. Rc3 Kf6 42. Rc6+ Kg7 43. Rc3 Kf6 44. Rc6+ Kg7 45. Rc3 Kf6 {Game
drawn by repetition} 1/2-1/2

[Event "Team 45 45 League T56"]
[Site "Internet Chess Club"]
[Date "2013.04.13"]
[Round "8"]
[White "PaulRichard"]
[Black "Conjurer"]
[Result "1-0"]
[WhiteElo "1554"]
[BlackElo "1457"]
[Opening "Sicilian: Nimzovich-Rossolimo attack (with ...g6, without ...d6)"]
[ECO "B31"]
[Time "18:05:37"]
[TimeControl "2700+45"]

1. e4 c5 2. Nf3 Nc6 3. Bb5 g6 4. Bxc6 bxc6 5. O-O Bg7 6. Re1 d5 7. e5 Bf5 8. d3
Nh6 9. Bf4 Qb6 10. b3 Bg4 11. h3 Bxf3 12. Qxf3 Nf5 13. Qe2 e6 14. Nc3 Qb4 15.
Qd2 Nd4 16. a3 Qb7 17. Na4 Qe7 18. Bg5 f6 19. exf6 Bxf6 20. Bxf6 Qxf6 21. Nxc5
Qe7 22. b4 O-O 23. c3 Nf3+ 24. gxf3 Qh4 25. Kg2 Qh5 26. Qe3 e5 27. Nd7 Rf5 28.
Nxe5 Raf8 29. Ng4 Rf4 30. Qe6+ R8f7 31. Re5 Qh4 32. Rae1 Rxf3 33. R1e2 Qxh3+ 34.
Kg1 Kg7 35. R5e3 h5 36. Nh2 Qxe6 37. Rxe6 Rxd3 38. Rxc6 Kh6 39. Ree6 Rg7 40. Kg2
h4 41. Nf3 Kh5 42. Ne5 Rd2 43. Rxg6 Re7 44. Rh6+ Kg5 45. Nf3+ {Black resigns}
1-0

[Event "Team 45 45 League T56"]
[Site "Internet Chess Club"]
[Date "2013.04.14"]
[Round "8"]
[White "seattleblues"]
[Black "medsurg"]
[Result "1-0"]
[WhiteElo "1462"]
[BlackElo "1337"]
[Opening "Queen's pawn"]
[ECO "A40"]
[Time "21:00:25"]
[TimeControl "2700+45"]

1. d4 e6 2. Nf3 Nf6 3. Bf4 c5 4. e3 Nc6 5. c3 d5 6. Bd3 b6 7. Nbd2 Bb7 8. Qa4
Bd6 9. Ne5 Bxe5 10. dxe5 c4 11. Bb1 Nd7 12. Nf3 h6 13. Nd4 Nxd4 14. exd4 Qc7 15.
Qc2 Nf8 16. Qe2 b5 17. a3 Qe7 18. Bg3 f5 19. exf6 gxf6 20. Qh5+ Qf7 21. Qf3 Ng6
22. h4 h5 23. Bc2 Kd7 24. a4 a6 25. axb5 axb5 26. Ke2 Ne7 27. Rhe1 Nc6 28. Kf1
Rxa1 29. Rxa1 Ra8 30. Rxa8 Bxa8 31. Qf4 e5 32. dxe5 Nxe5 33. Qf5+ Qe6 34. Qh7+
Kc6 35. Qxh5 Nd3 36. Bxd3 cxd3 37. Qd1 Qe4 38. h5 Kc5 39. f3 Qf5 40. Bf2+ Kc4
41. Qd2 Qxh5 42. Qf4+ Kb3 43. Qb4+ Kc2 44. c4 Qe5 45. cxb5 d2 46. Qa4+ Kb1 47.
Qd1+ Kxb2 48. Qxd2+ Kb3 49. Bd4 {Black resigns} 1-0